 Dungeon Crawl Stone Soup version bcrawl-1.37.2 (webtiles) character file.

Game seed: 15802897704289529693

278644 Mehrunes the Covert (level 12, -3/87 HPs)
             Began as an Octopode Earth Elementalist on Nov 15, 2022.
             Was an Elder of Cheibriados.
             Shot with an arrow by a centaur warrior (4 damage)
             ... in a volcano.
             The game lasted 00:48:50 (18447 turns).

Mehrunes the Covert (Octopode Earth Elementalist)  Turns: 18447, Time: 00:48:50

Health: -3/87      AC:  9    Str: 20    XL:     12   Next: 56%
Magic:  12/27      EV: 27    Int: 36    God:    Cheibriados [****..]
Gold:   790        SH:  0    Dex: 28    Spells: 4/19 levels left

rFire    . . .     GDR:     37% v - +0 dagger (drain)
rCold    . . .     SeeInvis .   (no shield)
rNeg     . . .     Gourm    .   (helmet restricted)
rPois    .         Faith    .   (cloak restricted)
rElec    .         Spirit   .   (no amulet)
rCorr    +         Reflect  .   n - +6 ring of intelligence
MR       .....     Clarity  +   y - +4 ring of protection
Stlth    +++++++...             B - +4 ring of protection
HPRegen  0.24/turn              D - +6 ring of dexterity
MPRegen  0.20/turn              F - ring of resist corrosion
                                H - ring of magical power
                                (no ring)
                                (no ring)

@: very slow
A: almost no armour, stealthy swim, resist paralysis, amphibious, 8 rings,
constrict 8, camouflage 1, gelatinous body 1
a: Bend Time, Defer, Temporal Distortion, Renounce Religion


You were in a volcano.
You worshipped Cheibriados.
Cheibriados was greatly pleased with you.
You were not hungry.

You visited 3 branches of the dungeon, and saw 14 of its levels.
You also visited: Volcano.

You collected 790 gold pieces.

Inventory:

Hand Weapons
 v - a +0 dagger of draining (weapon)
Missiles
 b - 1829 stones (quivered)
Magical Staves
 q - an uncursed staff of death
Jewellery
 n - a +6 ring of intelligence (left tentacle)
 y - a +4 ring of protection (right tentacle)
 B - a +4 ring of protection (on tentacle)
 D - a +6 ring of dexterity (on tentacle)
 F - a ring of resist corrosion (on tentacle)
 H - a ring of magical power (on tentacle)
Wands
 h - a wand of iceblast (14)
 l - a wand of flame (25)
 o - a wand of acid (5)
 w - a wand of random effects (19)
 x - a wand of scattershot (7)
Scrolls
 d - 2 scrolls of fear
 f - 5 scrolls of teleportation
 g - a scroll of noise
 i - 2 scrolls of identify
 k - 2 scrolls of fog
 s - 5 scrolls of remove curse
 u - a scroll of enchant weapon
 A - 2 scrolls of torment
 G - a scroll of vulnerability {unknown}
 J - a scroll of immolation {unknown}
Potions
 a - a potion of agility
 c - 4 potions of lignification
 j - a potion of flight
 m - a potion of cancellation
 p - 3 potions of might
 r - 2 potions of mutation
 C - a potion of heal wounds
 E - a potion of curing
 I - a potion of brilliance {unknown}
Miscellaneous
 z - a phantom mirror
Comestibles
 e - 11 rations {!d}


   Skills:
 + Level 10.2 Fighting
 + Level 10.5 Dodging
 + Level 11.8 Stealth
 - Level 1.0 Unarmed Combat
 - Level 4.0 Spellcasting
 - Level 2.0 Conjurations
 - Level 3.0 Transmutations
 - Level 10.0 Earth Magic
 + Level 4.7 Evocations


You had 4 spell levels left.
You knew the following spells:

 Your Spells              Type           Power        Failure   Level  Hunger
a - Sandblast             Erth           ######       1%          1    None
b - Stone Arrow           Conj/Erth      ######       1%          3    ###....
c - Petrify               Tmut/Erth      ######....   3%          4    #####..
d - Lee's Rapid Deconstr  Erth           ######....   1%          5    ######.
e - Passwall              Tmut/Erth      ######..     1%          2    None

Your spell library contained the following spells:

 Spells                   Type           Power        Failure   Level  Hunger


Dungeon Overview and Level Annotations

Branches:
Dungeon (10/12)            Temple (1/1) D:5            Lair (3/6) D:8
  Swamp (0/3) Lair:2          Orc (0/1) D:8
 Shoals: Lair:2-4     Snake: Lair:2-4    Spider: Lair:2-4

Altars:
Ashenzari
Cheibriados
Dithmenos
Elyvilon
Fedhas
Gozag
Hepliaklqana
Kikubaaqudgha
Lugonu
Makhleb
Nemelex Xobeh
Okawaru
Qazlal
Ru
Sif Muna
Trog
Uskayaw
Vehumet
Wu Jian
Xom
Yredelemnul
Zin
The Shining One

Shops:
D:4 }   D:7 ?=}(   D:8 [   D:10 %

Annotations:
D:3 1 runed door
D:4 1 exclusion
D:5 3 exclusions
D:8 exclusion: upstairs
D:10 1 runed translucent door, Argron's ghost, journeyman NaVM
Lair:2 exclusion: oklob plant


Innate Abilities, Weirdness & Mutations

You cannot wear most types of armour.
You are very stealthy in the water. (Stealth+)
Your unusual nervous system resists paralysis.
You are amphibious.
You can wear up to eight rings at the same time.
You can use your tentacles to constrict eight enemies at once.
Your skin changes colour to match your surroundings (Stealth+).
Your rubbery body absorbs attacks. (AC +1, EV +1)


Message History

The blast of rock fragments hits the centaur warrior!
The centaur warrior is severely wounded.
The blast of rock fragments hits the centaur!!
You kill the centaur!
Cheibriados thoroughly appreciates the change of pace.
The blast of rock fragments hits the centaur!!
The centaur is almost dead.
You are starving!
You hear a shout!
The centaur warrior shoots an arrow.
The arrow hits you! The arrow burns you.
You don't have the energy to cast spells.
You eat one of the 12 rations {!d}.
That ration really hit the spot!
The centaur warrior shoots an arrow.
The arrow hits you!
* * * LOW HITPOINT WARNING * * *
The arrow burns you.
* * * LOW HITPOINT WARNING * * *
The centaur warrior shoots an arrow.
The arrow hits you!
* * * LOW HITPOINT WARNING * * *
The arrow burns you.
You die...

○°° ≈≈≈ § ####### +.....+ .8_8.
)c. §≈≈≈≈≈≈§## #c# ≈≈≈≈≈§≈.# #.#
≈≈≈≈§≈§.# #@# ≈≈≈≈§≈§.# #.#
≈≈≈§§§§.# #.# ≈≈≈§≈§§§# #.#
≈≈≈≈§≈≈.# #.#
≈≈§§§≈≈.########+######
§§≈≈§≈§≈.................§≈≈§§
§≈≈§≈≈≈≈.≈≈.≈§≈≈≈§≈≈≈≈≈.§≈§≈≈≈§≈≈
§≈≈§§§≈≈§§§≈≈§≈§≈≈≈§§≈≈§§§§§≈≈≈≈≈


You could see a centaur warrior and a centaur.

Vanquished Creatures
  3 hydras
  2 two-headed ogres (D:8)
  Pikel (D:6)
  An ugly thing (D:6)
  A black mamba (Lair:1)
  2 cane toads (Lair:1)
  A yaktaur (Volcano)
  A rime drake (Lair:1)
  4 komodo dragons
  4 trolls
  Grinder (D:3)
  A harpy skeleton (D:8)
  4 blink frogs (Lair:1)
  A hornet (D:9)
  4 hippogriffs
  A meliai zombie (D:10)
  Sigmund (D:3)
  A vampire (D:10)
  7 yaks (D:8)
  A basilisk (D:8)
  A fire bat (Volcano)
  2 steam dragons
  A hungry ghost (D:4)
  3 swamp worms (Lair:2)
  8 crocodiles
  Edmund (D:4)
  3 wargs (D:8)
  A water moccasin (D:9)
  Duvessa (D:4)
  6 porcupines
  3 orc warriors
  2 sky beasts
  5 ogres
  2 black bears
  2 hornet zombies
  2 necrophages
  3 phantoms
  Blork the orc (D:4)
  4 bullfrogs
  A kobold brigand (D:9)
  A water moccasin zombie (D:7)
  3 centaurs
  A wyvern skeleton (D:8)
  Dowan (D:4)
  3 scorpions
  8 killer bees
  4 howler monkeys
  2 orc priests
  4 crimson imps
  A quasit (D:6)
  4 lava snakes (Volcano)
  5 orc wizards
  2 hounds
  A jelly (D:9)
  A bullfrog skeleton (D:6)
  An iguana (D:7)
  2 hell rats (Lair:2)
  6 worker ants
  2 hound skeletons
  A worker ant zombie (D:6)
  2 gnolls
  A howler monkey skeleton (D:4)
  9 adders
  7 river rats (Lair:2)
  An adder skeleton (D:6)
  2 adder zombies
  4 worms
  2 dart slugs
  9 leopard geckos
  14 orcs
  2 ball pythons
  4 bats (D:1)
  4 giant cockroaches
  12 goblins
  11 hobgoblins
  13 jackals
  4 quokkas
  2 frilled lizards
  A jackal zombie (D:5)
  13 kobolds
  5 rats
269 creatures vanquished.

Vanquished Creatures (others)
  A jackal (D:3)
  A fungus (D:8)
  6 plants
8 creatures vanquished.

Grand Total: 277 creatures vanquished

Notes
Turn   | Place    | Note
-------+----------+-------------------------------------------
     0 | D:1      | Mehrunes the Octopode Earth Elementalist began the quest
                  | for the Orb.
     0 | D:1      | Reached XP level 1. HP: 11/11 MP: 3/3
   122 | D:1      | Reached XP level 2. HP: 10/17 MP: 1/5
   454 | D:1      | Reached XP level 3. HP: 10/21 MP: 0/6
   609 | D:1      | Learned a level 3 spell: Stone Arrow
  1107 | D:2      | Reached XP level 4. HP: 25/27 MP: 1/8
  1876 | D:2      | Learned a level 4 spell: Petrify
  1877 | D:3      | Noticed Sigmund
  2635 | D:4      | Reached XP level 5. HP: 31/31 MP: 3/10
  2692 | D:4      | Noticed a phantom
  2968 | D:4      | Killed a phantom
  2969 | D:4      | Reached skill level 1 in Conjurations
  3106 | D:4      | Noticed Dowan
  3159 | D:4      | Noticed Blork the orc
  3162 | D:4      | Killed Blork the orc
  3163 | D:4      | Reached XP level 6. HP: 19/36 MP: 11/11
  3214 | D:4      | Noticed a hungry ghost
  3304 | D:4      | Killed a hungry ghost
  3305 | D:4      | Reached skill level 5 in Earth Magic
  3305 | D:4      | Reached XP level 7. HP: 26/41 MP: 0/13
  3781 | D:4      | Found a hazy altar of Hepliaklqana.
  3955 | D:4      | Noticed Edmund
  4001 | D:4      | Killed Edmund
  4270 | D:4      | Learned a level 5 spell: Lee's Rapid Deconstruction
  4696 | D:4      | Found Daameunu's Gadget Shoppe.
  4817 | D:3      | Reached XP level 8. HP: 32/44 MP: 3/14
  4982 | D:3      | Noticed Grinder
  5029 | D:3      | Killed Grinder
  5436 | D:3      | Killed Sigmund
  5771 | D:3      | Found a runed door.
  5877 | D:4      | Killed Dowan
  5877 | D:4      | Noticed Duvessa
  5909 | D:4      | Killed Duvessa
  6159 | D:5      | Entered Level 5 of the Dungeon
  6448 | D:5      | Found a staircase to the Ecumenical Temple.
  6457 | Temple   | Entered the Ecumenical Temple
  6702 | Temple   | Became a worshipper of Cheibriados the Contemplative
  6931 | D:6      | Reached skill level 10 in Earth Magic
  6963 | D:6      | Reached XP level 9. HP: 51/51 MP: 6/15
  6969 | D:6      | Reached skill level 1 in Fighting
  7466 | D:6      | Reached skill level 4 in Stealth
  7554 | D:6      | Found an iron altar of Okawaru.
  7555 | D:6      | Found a bloodstained altar of Trog.
  7570 | D:6      | Noticed Pikel
  7596 | D:6      | Killed Pikel
  7597 | D:6      | Reached skill level 5 in Stealth
  7808 | D:6      | Reached * piety under Cheibriados
  7809 | D:6      | Noticed a red ugly thing
  7814 | D:7      | Found Ruxkuha's Jewellery Emporium.
  7915 | D:6      | Killed a red ugly thing
  7916 | D:6      | Reached skill level 6 in Stealth
  8205 | D:6      | Reached skill level 5 in Dodging
  8205 | D:6      | Reached skill level 7 in Stealth
  8880 | D:7      | Found a sacrificial altar of Ru.
  8897 | D:7      | Reached XP level 10. HP: 60/64 MP: 9/16
  8967 | D:7      | Reached skill level 5 in Fighting
  8977 | D:7      | Found Tyifygg's Magic Scroll Boutique.
  9189 | D:7      | Found Hevvasch's Gadget Emporium.
  9265 | D:7      | Found Simai's Weapon Boutique.
  9330 | D:7      | Reached skill level 8 in Stealth
  9588 | D:8      | Reached ** piety under Cheibriados
  9669 | D:8      | Found a staircase to the Lair.
  9705 | D:8      | Reached skill level 9 in Stealth
  9952 | D:8      | Learned a level 2 spell: Passwall
 10158 | D:8      | Found Bioqait's Armour Shoppe.
 10387 | D:8      | Reached skill level 10 in Stealth
 10655 | D:8      | Noticed a two-headed ogre
 10665 | D:8      | Killed a two-headed ogre
 10666 | D:8      | Reached XP level 11. HP: 75/75 MP: 13/17
 10792 | D:8      | Found a blossoming altar of Fedhas.
 11152 | D:8      | Found a staircase to the Orcish Mines.
 11161 | D:8      | Reached *** piety under Cheibriados
 11424 | D:9      | Noticed a two-headed ogre
 11470 | D:8      | Killed a two-headed ogre
 12117 | D:9      | Reached **** piety under Cheibriados
 12206 | D:9      | Found a corrupted altar of Lugonu.
 12474 | D:9      | Found a burning altar of Makhleb.
 12485 | D:9      | Found a glowing golden altar of the Shining One.
 12486 | D:9      | Found a hide-covered altar of Uskayaw.
 12488 | D:9      | Found a shimmering blue altar of Sif Muna.
 12489 | D:9      | Found a shimmering altar of Xom.
 12490 | D:9      | Found a sparkling altar of Nemelex Xobeh.
 12491 | D:9      | Found a glowing silver altar of Zin.
 12984 | D:10     | Entered Level 10 of the Dungeon
 13477 | D:10     | Noticed Argron's ghost (journeyman NaVM)
 13480 | D:10     | Found a runed translucent door.
 13674 | D:10     | Found Etweoc's Food Emporium.
 14018 | Lair:1   | Entered Level 1 of the Lair of Beasts
 14051 | Lair:1   | Noticed an eight-headed hydra
 14063 | Lair:1   | Killed an eight-headed hydra
 14064 | Lair:1   | Reached skill level 1 in Evocations
 14297 | Lair:1   | Reached XP level 12. HP: 86/86 MP: 18/18
 14658 | Lair:1   | Reached skill level 10 in Dodging
 14699 | Lair:1   | Reached skill level 11 in Stealth
 16159 | Lair:2   | Noticed a four-headed hydra
 16169 | Lair:2   | Killed a four-headed hydra
 16170 | Lair:2   | Reached skill level 10 in Fighting
 16182 | Lair:2   | Noticed a six-headed hydra
 16204 | Lair:2   | Killed a six-headed hydra
 16303 | Lair:2   | Found a staircase to the Swamp.
 17372 | Lair:2   | Found a staircase to the Swamp.
 17688 | Lair:3   | Found a dark tunnel.
 17693 | Volcano  | Entered a volcano
 18264 | Volcano  | HP: 4/87 [something (13)]
 18442 | Volcano  | Found a radiant altar of Vehumet.
 18442 | Volcano  | Noticed a centaur warrior
 18447 | Volcano  | HP: 1/87 [centaur warrior/arrow (13)]
 18447 | Volcano  | Shot with an arrow by a centaur warrior

Skill      XL: |  1  2  3  4  5  6  7  8  9 10 11 12 |
---------------+-------------------------------------+-----
Spellcasting   | 3 4 |  4.0
Earth Magic    | 4 5 7 10 | 10.0
Conjurations   | 1 2 |  2.0
Transmutations | 2 3 |  3.0
Fighting       | 4 7 9 10 | 10.2
Dodging        | 5 7 9 10 | 10.5
Stealth        | 7 10 11 | 11.8
Evocations     | 2 4 |  4.7
Unarmed Combat | |  1.0

Action                   |  1- 3 |  4- 6 |  7- 9 | 10-12 || total
-------------------------+-------+-------+-------+-------++-------
Melee: Unarmed           |    10 |    31 |    34 |       ||    75
       Constrict         |     3 |     4 |    19 |    42 ||    68
       Tentacles         |       |     4 |    29 |   123 ||   156
       Staff             |       |       |    19 |       ||    19
       Dagger            |       |       |    65 |   346 ||   411
       Punch             |       |       |       |     8 ||     8
 Cast: Sandblast         |    51 |    31 |     9 |       ||    91
       Stone Arrow       |       |    23 |    41 |    18 ||    82
       Lee's Rapid Decon |       |       |    18 |    22 ||    40
       Petrify           |       |       |    21 |    37 ||    58
       Passwall          |       |       |       |     2 ||     2
Evoke: Wand              |       |     3 |     5 |       ||     8
  Use: Potion            |       |     2 |       |     1 ||     3
       Scroll            |       |       |     7 |    10 ||    17
 Stab: Petrified         |       |       |    56 |    35 ||    91
       Sleeping          |       |       |     2 |    18 ||    20
       Petrifying        |       |       |       |    12 ||    12
       Distracted        |       |       |       |     3 ||     3
  Eat: Chunk             |     2 |     7 |    20 |    35 ||    64
       Ration            |       |     2 |     6 |     5 ||    13
Armor: Skin              |     2 |     3 |    16 |    45 ||    66
Dodge: Dodged            |    16 |    50 |    79 |   390 ||   535
